AoeStats
← Mezzanine00

Lombardia

508028593Analyzed
4v4 RM · 11d ago on Sep 20, 2026· 10m 23s· 8 players
Game mode
Random Map
Map size
Large (8 player)
Population
200
Speed
Normal
Resources
Standard
Victory
Conquest
Starting age
Dark Age
Ending age
Imperial Age
RankedLock teamsTeams togetherTeam positionsShared explorationLock speedFull tech treeHidden civsTurbo modeCheats
Victory
Defeat
🇩🇪 Byzantines · Germany
1636
+13
🇩🇪 Saracens · Germany
1569
+15
🇩🇪 Magyars · Germany
1562
+16
🇩🇪 Huns · Germany
1545
+16
🇺🇸 Spanish · United States
1596
-17
🇭🇺 Italians · Hungary
1560
-15
🇬🇧 Celts · United Kingdom
1540
-14
🇲🇽 Maya · Mexico
1526
-14
Collllin
11:41 Feudal Age
TheGooseTransporter
7:04 Loom
10:00 Feudal Age
[SotC ]Risck
0:29 Loom
11:23 Feudal Age
Mezzanine00
9:37 Loom
11:48 Feudal Age
🦌 Pumbaa♡♡♡
2:46 Loom
4:49 Loom
8:07 Loom
10:24 Feudal Age
🦌 Eltron Trazi
7:27 Loom
10:27 Feudal Age
🦌 Magge
6:33 Loom
9:34 Feudal Age
10:06 Horse Collar
10:13 Double-Bit Axe
🦌 Jolly Jumper
9:11 Feudal Age
8:56 Loom
9:59 Double-Bit Axe
Connection lost

Rejoining the realm…

Still unreachable

The connection could not be restored.

Session expired

The server has moved on; the page needs a fresh start.